AoeStats
← DS_Kvothe

Arabia

509616973Analyzed
1v1 RM · 5d ago on Sep 27, 2026· 37m 31s· 2 players
Game mode
Random Map
Map size
Tiny (2 player)
Population
200
Speed
Normal
Resources
Standard
Victory
Conquest
Starting age
Dark Age
Ending age
Imperial Age
RankedLock teamsTeams togetherTeam positionsShared explorationLock speedFull tech treeHidden civsTurbo modeCheats
Victory
Defeat
🇦🇷 Aztecs · Argentina
1933
+18
🇵🇹 Maya · Portugal
1979
-18
DS_Kvothe
6:40 Loom
9:28 Feudal Age
10:05 Double-Bit Axe
10:01 Horse Collar
15:43 Fletching
15:54 Padded Archer Armor
16:25 Padded Archer Armor
19:25 Castle Age
17:19 Fletching
18:32 Town Watch
20:12 Bodkin Arrow
20:32 Leather Archer Armor
19:38 Elite Skirmisher
25:05 Ballistics
26:07 Bow Saw
28:03 Heavy Plow
32:17 Imperial Age
29:55 Squires
29:57 Scale Mail Armor
30:07 Forging
31:07 Wheelbarrow
30:52 Gold Mining
30:52 Stone Mining
31:27 Eagle Warrior
32:29 Arson
33:18 Chain Mail Armor
32:32 Elite Eagle Warrior
34:45 Plate Mail Armor
34:53 Forging
34:58 Bracer
36:41 Chemistry
37:45 Iron Casting
BSL | Av3stan
0:29 Loom
8:44 Feudal Age
9:51 Double-Bit Axe
18:21 Castle Age
16:44 Fletching
17:25 Horse Collar
18:33 Gold Mining
18:27 Crossbowman
19:02 Bodkin Arrow
19:10 Bodkin Arrow
22:25 Wheelbarrow
21:36 Town Watch
22:25 Scale Mail Armor
22:08 Elite Skirmisher
23:30 Padded Archer Armor
26:04 Leather Archer Armor
28:40 Ballistics
34:14 Imperial Age
31:44 Eagle Warrior
32:25 Squires
32:40 Stone Mining
33:27 Scale Mail Armor
33:38 Forging
34:25 Elite Eagle Warrior
37:08 Chain Mail Armor
Connection lost

Rejoining the realm…

Still unreachable

The connection could not be restored.

Session expired

The server has moved on; the page needs a fresh start.